Map: Ever Dream LE

Players

Hurricane

  • Race: Protoss Protoss
  • League: Master
  • Spawn Location: 7:00

TIME (Oliveira) - Winner!

  • Race: Terran Terran
  • League: Grandmaster
  • Spawn Location: 1:00

Event: War Chest Team League

VOD

Have the link to the VOD?

Description

Time

  • Played on: Aug. 7, 2020, 6:34 a.m.
  • Length: 13:13
Show
View Real Time Build Order
Export as new Build Order

Hurricane Protoss 

Build Orders: 1 Gate Expand, Phoenix Opening, Colossus Rush 

Get SALT Encoding   

  12  0:00  Probe  
  13  0:12  Probe  
  14  0:17  Pylon  
  14  0:24  Probe  
  15  0:35  Gateway  
  15  0:36  Probe (Chrono Boost)  
  16  0:46  Probe (Chrono Boost), Assimilator  
  17  0:51  Probe (Chrono Boost)  
  18  1:03  Probe  
  19  1:15  Probe  
  20  1:23  Nexus  
  20  1:33  Cybernetics Core  
  20  1:36  Probe  
  21  1:41  Assimilator  
  21  1:48  Probe  
  21  1:51  Pylon  
  22  2:00  Probe  
  23  2:07  Stalker (Chrono Boost)  
  23  2:09  Warp Gate  
  23  2:12  Probe  
  26  2:24  Probe  
  29  2:33  Stargate  
  29  2:35  Probe (Chrono Boost)  
  29  2:42  Probe (Chrono Boost)  
  30  2:45  Probe (Chrono Boost)  
  30  2:46  Gateway  
  30  2:50  Probe (Chrono Boost), Sentry  
  30  2:51  Probe (Chrono Boost)  
  34  3:01  Probe (Chrono Boost)  
  34  3:05  Pylon  
  36  3:06  Probe (Chrono Boost)  
  36  3:08  Probe (Chrono Boost)  
  36  3:11  Shield Battery  
  37  3:14  Probe  
  37  3:15  Phoenix (Chrono Boost)  
  37  3:19  Probe  
  41  3:22  Adept  
  41  3:26  Probe  
  44  3:27  Phoenix (Chrono Boost)  
  44  3:31  Probe, Phoenix  
  47  3:37  Assimilator  
  47  3:40  Probe  
  47  3:41  Assimilator  
  48  3:46  Probe  
  48  3:48  Pylon  
  49  3:52  Probe  
  49  3:54  Robotics Facility  
  50  3:58  Probe  
  51  4:05  Probe  
  51  4:07  Phoenix  
  51  4:08  Pylon  
  54  4:10  Probe  
  54  4:14  Stalker  
  58  4:17  Probe, Stalker  
  60  4:27  Pylon  
  60  4:30  Pylon  
  60  4:31  Phoenix (Chrono Boost)  
  60  4:38  Probe x2  
  64  4:43  Immortal (Chrono Boost)  
  68  4:48  Pylon  
  68  4:52  Robotics Bay  
  68  4:57  Gateway  
  68  5:03  Gateway  
  68  5:13  Immortal (Chrono Boost), Phoenix  
  70  5:19  Pylon  
  74  5:33  Probe (Chrono Boost)  
  74  5:35  Probe (Chrono Boost)  
  63  5:43  Stalker  
  63  5:46  Colossus (Chrono Boost)  
  63  5:48  Probe (Chrono Boost)  
  70  5:50  Probe (Chrono Boost)  
  70  5:53  Probe (Chrono Boost)  
  72  6:04  Probe x2  
  73  6:16  Probe  
  74  6:22  Extended Thermal Lance  
  74  6:24  Probe  
  74  6:25  Forge, Observer (Chrono Boost)  
  76  6:31  Pylon  
  76  6:37  Disruptor (Chrono Boost)  
  76  6:38  Zealot x4  
  87  6:48  Pylon  
  87  7:00  Observer  
  87  7:05  Colossus (Chrono Boost)  
  93  7:09  Zealot  
  93  7:11  Protoss Ground Weapons Level 1 (Chrono Boost)  
  93  7:14  Twilight Council  
  94  7:22  Zealot  
  94  7:23  Zealot x2  
  94  7:28  Pylon x2  
  100  7:44  Nexus  
  100  7:48  Probe  
  100  7:49  Probe  
  102  7:53  Zealot x2  
  106  8:02  Charge (Chrono Boost)  
  98  8:16  Probe  
  89  8:24  Nexus, Colossus (Chrono Boost)  
  89  8:26  Pylon  
  93  8:27  Probe  
  93  8:28  Probe  
  93  8:39  Probe  
  93  8:40  Probe  
  95  8:45  Templar Archives  
  95  8:46  Gateway  
  95  8:49  Gateway  
  95  8:54  Probe x2  
  97  9:02  Pylon  
  97  9:06  Psionic Storm  
  97  9:08  Gateway  
  97  9:10  Observer  
  97  9:11  Gateway  
  97  9:15  Protoss Ground Weapons Level 2 (Chrono Boost), Pylon  
  97  9:16  Probe x2  
  92  9:24  High Templar x2  
  92  9:25  High Templar x2  
  100  9:34  Probe x2  
  102  9:44  Probe  
  103  9:48  Zealot x2  
  107  9:55  Immortal  
  111  10:03  Zealot x4  
  111  10:06  Probe x2  
  119  10:17  Stalker x3  
  125  10:26  Stalker, Zealot  
  129  10:33  Zealot x2  
  129  10:34  Zealot  
  131  10:50  Zealot x5, Archon  
  126  10:57  Archon  
  126  10:59  Zealot x3  
  93  11:10  Zealot x4  
  93  11:11  Zealot  
  81  11:20  Probe x3  
  81  11:21  Assimilator, High Templar  
  81  11:22  Assimilator, High Templar x2  
  90  11:26  Observer  
  90  11:31  Stalker, Sentry, High Templar  
  90  11:32  Zealot x2  
  94  11:48  Nexus  
  88  11:57  Zealot x6  
  88  12:00  Stalker  
  96  12:09  Warp Prism  
  98  12:21  High Templar x3  
  98  12:22  Zealot x2, High Templar  
  104  12:37  Zealot x2  
  98  12:54  Stalker x2  
  98  12:55  Zealot x3  
  108  13:03  Archon  
Show
View Real Time Build Order
Export as new Build Order

TIME Terran - Winner!

Build Orders: Liberator Opening 

Get SALT Encoding   

  12  0:00  SCV  
  13  0:12  SCV  
  14  0:17  Supply Depot  
  14  0:24  SCV  
  15  0:38  SCV  
  15  0:40  Barracks  
  16  0:43  Refinery  
  16  0:50  SCV  
  17  1:03  SCV  
  18  1:15  SCV  
  19  1:27  Orbital Command, Marine  
  20  1:42  Command Center  
  20  1:46  Barracks Reactor  
  20  1:52  SCV  
  21  1:58  Supply Depot  
  21  2:04  SCV  
  22  2:10  Factory  
  22  2:17  SCV  
  22  2:20  Refinery  
  22  2:22  Marine x2  
  23  2:29  SCV  
  26  2:40  Marine x2  
  26  2:41  SCV  
  29  2:53  SCV  
  29  2:54  Widow Mine  
  29  2:55  Starport  
  29  2:57  Orbital Command  
  32  3:03  Marine x2  
  34  3:05  SCV  
  35  3:16  Widow Mine  
  37  3:21  Marine x2  
  37  3:23  SCV  
  37  3:24  SCV, Supply Depot  
  41  3:31  Medivac  
  43  3:35  Barracks  
  43  3:37  SCV  
  43  3:39  Factory Tech Lab  
  43  3:40  SCV  
  45  3:44  Marine  
  45  3:46  Marine  
  45  3:48  Supply Depot  
  47  3:51  SCV  
  47  3:52  SCV  
  49  3:58  Siege Tank  
  49  4:02  Marine  
  52  4:03  Marine  
  52  4:09  Liberator  
  57  4:10  Supply Depot  
  57  4:12  SCV  
  57  4:13  SCV  
  59  4:19  Engineering Bay  
  59  4:23  Barracks  
  59  4:25  Barracks Tech Lab  
  59  4:26  SCV  
  59  4:28  SCV  
  61  4:32  Marine x2  
  61  4:36  Siege Tank  
  66  4:39  Supply Depot  
  66  4:42  SCV  
  66  4:43  SCV  
  68  4:48  Refinery  
  68  4:49  Marine  
  68  4:50  Refinery, Marine  
  70  4:53  Stimpack  
  70  5:01  SCV x2  
  70  5:02  Supply Depot x2  
  70  5:03  Marine  
  73  5:12  Marine  
  73  5:13  Terran Infantry Weapons Level 1  
  75  5:15  Barracks Tech Lab  
  75  5:16  SCV x2  
  75  5:21  Marine  
  72  5:28  SCV x2  
  72  5:30  Marine  
  72  5:34  Marine  
  79  5:35  Siege Tank  
  79  5:36  Starport Reactor  
  79  5:39  Marine  
  79  5:40  SCV x2  
  81  5:44  Marine  
  81  5:49  Combat Shield  
  80  5:52  SCV, Marine  
  80  5:53  SCV  
  80  5:58  Supply Depot  
  80  6:00  Marine  
  80  6:02  Marine  
  82  6:04  SCV, Marine  
  82  6:05  SCV  
  82  6:10  Marine  
  87  6:15  Medivac x2  
  87  6:17  SCV x2  
  87  6:18  Marine  
  90  6:20  Supply Depot  
  90  6:22  Marauder  
  93  6:29  SCV x2, Marauder, Marine  
  97  6:40  Command Center  
  97  6:41  SCV x2  
  98  6:47  Siege Tank  
  98  6:51  Medivac x2  
  98  6:53  SCV x2  
  105  6:54  Marine x2  
  105  6:58  Supply Depot  
  105  7:00  Marauder  
  105  7:01  Marine  
  109  7:06  SCV  
  105  7:09  Concussive Shells  
  105  7:13  SCV  
  105  7:19  Marauder  
  107  7:27  Siege Tank  
  107  7:28  Marauder  
  107  7:29  Marine  
  113  7:32  Barracks  
  113  7:34  Barracks  
  112  7:39  SCV, Marine  
  112  7:40  Marauder  
  112  7:42  Viking  
  112  7:43  Viking  
  116  7:45  SCV  
  116  7:49  Marine  
  118  7:51  SCV  
  118  8:00  SCV  
  118  8:10  Siege Tank  
  118  8:11  SCV  
  116  8:13  Marauder  
  116  8:19  Viking x2  
  108  8:20  Marauder, Marine x2  
  108  8:21  Barracks Tech Lab  
  108  8:22  Barracks Reactor  
  108  8:23  SCV  
  108  8:24  SCV  
  114  8:30  Orbital Command  
  114  8:35  Ghost Academy  
  114  8:37  Marauder  
  114  8:38  SCV, Marine  
  118  8:44  Siege Tank  
  118  8:45  Supply Depot  
  118  8:47  Marine  
  124  8:51  Viking  
  124  8:53  Medivac  
  126  8:56  SCV x3  
  126  8:59  Supply Depot  
  126  9:00  Marine x2  
  132  9:10  SCV  
  132  9:11  SCV  
  132  9:15  SCV  
  136  9:19  Marine  
  136  9:20  Marine x3  
  136  9:22  Supply Depot  
  136  9:23  Supply Depot  
  140  9:25  SCV  
  140  9:28  SCV x2  
  140  9:29  Siege Tank  
  146  9:35  Unknown x2, Marine x2  
  146  9:37  Marine  
  149  9:42  Supply Depot, Unknown  
  149  9:44  Medivac, Marauder, Marine x3  
  149  9:45  Medivac  
  158  9:46  SCV, Supply Depot  
  158  9:49  SCV  
  158  9:50  Supply Depot  
  158  9:52  SCV  
  161  9:56  Marine  
  161  9:57  Refinery, Marauder  
  161  9:58  Refinery  
  164  10:04  Marauder  
  164  10:06  SCV  
  167  10:10  Marine x2  
  167  10:12  Siege Tank  
  174  10:15  Armory  
  174  10:17  Engineering Bay  
  174  10:18  SCV  
  174  10:19  Marine  
  174  10:21  Supply Depot  
  173  10:36  Marine x2  
  173  10:37  Marauder  
  173  10:39  Medivac x2  
  173  10:42  Marine x2  
  181  10:43  Marauder  
  181  10:48  Marine  
  182  10:52  SCV  
  167  11:03  Marine  
  167  11:04  Marauder, Marine  
  139  11:09  Medivac x2, Marine  
  139  11:10  Marine x2  
  127  11:12  Siege Tank  
  122  11:19  Marine  
  122  11:21  Marine  
  126  11:25  Enhanced Shockwaves  
  126  11:26  Marauder, Marine  
  126  11:27  Marine  
  128  11:34  Command Center  
  117  11:47  Marauder, Marine x3  
  117  11:48  Viking x2, Marauder, Siege Tank  
  117  11:53  Marine  
  127  11:54  Marauder  
  121  12:03  SCV  
  121  12:04  Marine  
  121  12:07  SCV  
  124  12:11  Marine  
  124  12:12  Marine  
  130  12:19  Viking  
  132  12:23  Viking  
  132  12:24  Marine x2  
  132  12:27  SCV  
  137  12:35  SCV  
  137  12:36  Marine x2  
  137  12:37  Unknown x2, Marauder  
  137  12:45  Marine  
  136  12:51  Marine x2  
  136  12:52  SCV x2, Marauder  
Tags
 
Add a new tag
Caveats
  • Supply blocks, unpowered buildings, or Contaminate may cause inaccurate times.
  • Supply counts are checked every 10 seconds.